Description

Meta TvT build 3 reapers + 2 hellions @~3:10

Replay - MaSa v Special: Game 2 - Kairos Junction LE

Build Order

Get SALT Encoding   

  14  0:16  Supply Depot  
  14  0:27  Refinery  
  16  0:44  Barracks  
  16  0:54  Refinery  
  19  1:31  Factory, Orbital Command  Use SCV from Barraks
  19  1:35  Reaper  
  20  1:43  Supply Depot  Remove 2 SCVs from one gaz
  21  2:07  Reaper  
  22  2:15  Hellion  
  26  2:32  Command Center  
  27  2:39  Reaper, Hellion  
  30  2:45  Supply Depot  
  31  2:57  Starport  
  31  3:06  Factory Tech Lab  
  31  3:17  Barracks Reactor  
  31  3:26  Cyclone  
  32  3:36  Starport Tech Lab  
  32  3:42  Refinery  
  32  3:44  Orbital Command  
  33  3:55  Marine x2  
  31  4:06  Raven  
  34  4:13  Marine x2  
  42  4:24  Cyclone  
  42  4:26  Refinery  
  42  4:32  Marine x2  
  46  4:42  Factory  
  48  4:56  Supply Depot  
  50  5:11  Raven  
  51  5:16  Siege Tank  
  51  5:21  Supply Depot  
  56  5:28  Factory  switch previous factory onto barraks reactor
  60  5:36  Hellion x2, Barracks Reactor  when finished: switch starport to it
  64  5:50  Siege Tank  switch 3rd factory over old starport tech lab
  70  5:57  Hellion x2  
  73  6:07  Infernal Pre-Igniter  
  74  6:15  Viking x2  
  79  6:18  Hellion  
  79  6:24  Hellion, Siege Tank  
  84  6:41  Siege Tank, Hellion x2  
  84  6:45  Viking  
  93  6:51  Viking  
Spawning Tool Build Advisor. Get it on Overwolf

Go to:

Details

  • Created by: omega386
  • Published on: Aug 18, 2019
  • Modified on: Aug 19, 2019
  • Patch: 4.7.1
Show
View Real Time Build Order
Export as new Build Order

Comments (0)

There are no comments. Be the first!

Create an account to comment!